 Dungeon Crawl Stone Soup version 0.30-a0-702-gdf48620a09 (webtiles) character file.

Game seed: 5875501751771145857

399 GenialerGandalf the Chopper (level 6, -8/53 HPs)
             Began as a Hill Orc Fighter on Jan 21, 2023.
             Was an Initiate of Beogh.
             Mangled by a wraith (10 damage)
             ... in an ossuary.
             The game lasted 00:14:41 (3192 turns).

GenialerGandalf the Chopper (Hill Orc Fighter)      Turns: 3192, Time: 00:14:42

Health: -8/53      AC:  9    Str: 21    XL:     6   Next: 84%
Magic:  7/7        EV:  9    Int:  8    God:    Beogh [......]
Gold:   254        SH:  4    Dex: 10    Spells: 5/5 levels left

rFire   . . .      SeeInvis .    a - +0 war axe
rCold   . . .      Faith    .    c - +0 buckler
rNeg    . . .      Spirit   .    b - +0 scale mail
rPois   .          Reflect  .    (no helmet)
rElec   .          Harm     .    h - +1 cloak
rCorr   .          Rampage  .    (no gloves)
Will    .....                    (no boots) Stlth
                                 (no amulet)
HPRegen 0.28/turn                (no ring)
MPRegen 0.10/turn                (no ring)

@: slowed, very slow
A: no striking features
a: Renounce Religion


You were in an ossuary.
You worshipped Beogh.
Beogh was noncommittal.
You visited 1 branch of the dungeon, and saw 4 of its levels.
You also visited: Ossuary.

You collected 254 gold pieces.

Inventory:

Hand Weapons
 a - a +0 war axe (weapon)
Armour
 b - a +0 scale mail (worn)
 c - a +0 buckler (worn)
 h - a +1 cloak (worn)
 k - the +0 chain mail of Xyriow {rF+}
   (You found it on level 2 of the Dungeon)

   rF:        It protects you from fire.
 l - the +2 robe "Ythrelup" {rPois rC- Int+7}
   (You found it on level 2 of the Dungeon)

   Int:       It affects your intelligence (+7).
   rC:        It makes you vulnerable to cold.
   rPois:     It protects you from poison.
Jewellery
 e - an amulet of faith
Wands
 y - a wand of flame (33)
Scrolls
 i - a scroll of teleportation
 n - 3 scrolls of fog
 o - 2 scrolls of vulnerability {unknown}
 p - 2 scrolls of magic mapping
 r - a scroll of acquirement {unknown}
 s - a scroll of brand weapon {unknown}
 t - 4 scrolls of immolation {unknown}
 v - a scroll of noise {unknown}
 w - 2 scrolls of identify
Potions
 d - 2 potions of might
 f - 3 potions of haste {unknown}
 g - a potion of invisibility
 j - a potion of curing {unknown}
 m - a potion of lignification {unknown}
 q - a potion of magic {unknown}
 u - 2 potions of attraction {unknown}
 x - 3 potions of brilliance {unknown}
 z - 2 potions of degeneration {unknown}
 A - a potion of flight {unknown}
 B - a potion of heal wounds {unknown}


   Skills:
 * Level 4.6 Fighting
 * Level 6.5 Axes
 * Level 4.8 Armour
 - Level 0.2 Dodging
 - Level 0.1 Stealth
 * Level 4.2 Shields
 * Level 1.6 Invocations


You had 5 spell levels left.
You didn't know any spells.
Your spell library contained the following spells:

 Spells                   Type           Power      Damage    Failure   Level
 Kiss of Death            Conj/Necr      0%         2d5       83%         1
 Confusing Touch          Hex            0%         N/A       99%         3
 Dispel Undead            Necr           0%         3d6       100%        4


Dungeon Overview and Level Annotations

Branches:
Dungeon (4/15)            Ossuary (1/1)
 Temple: D:4-7

Altars:
Fedhas
Yredelemnul

Shops:
D:3 (=[


Message History

The wraith is heavily damaged.
The wraith hits you but does no damage.
You barely miss the wraith.
The wraith is heavily damaged.
The wraith barely misses you. The wraith hits you but does no damage.
You closely miss the wraith.
The wraith is heavily damaged.
The wraith hits you. The wraith drains your vigour!
You feel as though you will be slow longer.
The wraith hits you but does no damage.
You closely miss the wraith.
The wraith is heavily damaged.
The wraith hits you.
* * * LOW HITPOINT WARNING * * *
The wraith drains your vigour!
You feel as though you will be slow longer.
The wraith hits you!
* * * LOW HITPOINT WARNING * * *
The wraith drains your vigour!
You feel as though you will be slow longer.
You barely miss the wraith.
The wraith is heavily damaged.
The wraith hits you but does no damage. You block the wraith's attack.
You slash the wraith!
The wraith is severely damaged.
The wraith barely misses you.
You barely miss the wraith.
The wraith is severely damaged.
The wraith barely misses you. The wraith hits you but does no damage.
You hit the wraith but do no damage.
The wraith is severely damaged.
The wraith hits you.
* * * LOW HITPOINT WARNING * * *
The wraith drains your vigour!
You feel as though you will be slow longer.
You block the wraith's attack.
You hit the wraith.
The wraith is severely damaged.
The wraith hits you!
You die...

#.............#
#.###.....###.#
#.#z#.....#z#.#
#.###.....###.#
#.............#
#.............#
#.###.###.###.#
#.# #.# #.#.#.#
#.+##.###.##W@#
#.............#
#######'#######
#.# ###.###
#z▓.▓W# ###.###
#.# #'#


You could see a wraith.

Vanquished Creatures
  A wraith (Ossuary)
  2 wights (Ossuary)
  6 adders
  2 adder zombies (Ossuary)
  4 dart slugs
  8 orcs
  7 endoplasms
  A giant cockroach (D:1)
  8 hobgoblins
  4 jackals (D:4)
  3 quokkas
  8 ball pythons
  A ball python skeleton (Ossuary)
  4 bats
  A frilled lizard (D:1)
  6 goblins
  A hobgoblin skeleton (Ossuary)
  8 kobolds
  A kobold zombie (Ossuary)
  An orc skeleton (Ossuary)
  3 orc zombies (Ossuary)
  6 rats
86 creatures vanquished.

Vanquished Creatures (others)
  An orc priest (D:4)
1 creature vanquished.

Grand Total: 87 creatures vanquished

Notes
Turn   | Place    | Note
-------+----------+-------------------------------------------
     0 | D:1      | GenialerGandalf the Hill Orc Fighter began the quest for
                  | the Orb.
     0 | D:1      | Reached XP level 1. HP: 19/19 MP: 1/1
    90 | D:1      | Reached XP level 2. HP: 27/27 MP: 2/2
   105 | D:1      | Reached skill level 3 in Axes
   190 | D:1      | Reached XP level 3. HP: 31/33 MP: 3/3
   827 | D:2      | Identified the +7 short sword of Litofub {antimagic, rPois
                  | Dex+4}
   874 | D:2      | Reached XP level 4. HP: 40/40 MP: 4/4
  1075 | D:2      | Identified the +2 robe "Ythrelup" {rPois rC- Int+7}
  1121 | D:2      | Reached skill level 4 in Axes
  1123 | D:2      | Identified the +0 chain mail of Xyriow {rF+}
  1456 | D:3      | Found Baiphawk's Jewellery Shoppe.
  1597 | D:3      | Found a basalt altar of Yredelemnul.
  1607 | D:3      | Found a blossoming altar of Fedhas.
  1665 | D:3      | Found Kiqus's Weapon Shop.
  1914 | D:3      | Found Uhagh's Armour Boutique.
  1990 | D:3      | Reached XP level 5. HP: 45/46 MP: 5/5
  2792 | D:4      | Became a worshipper of Beogh the Brigand
  2829 | D:4      | Found a sand-covered staircase.
  2834 | Ossuary  | Entered an ossuary
  2905 | Ossuary  | Reached skill level 5 in Axes
  2953 | Ossuary  | Noticed a flying skull
  2953 | Ossuary  | Noticed a wraith
  2966 | Ossuary  | Noticed a flying skull
  2986 | Ossuary  | Noticed a flying skull
  3000 | Ossuary  | Reached skill level 1 in Invocations
  3000 | Ossuary  | Reached XP level 6. HP: 40/53 MP: 6/6
  3055 | Ossuary  | Noticed a flying skull
  3056 | Ossuary  | Noticed a wraith
  3068 | Ossuary  | Killed a wraith
  3069 | Ossuary  | Reached skill level 6 in Axes
  3176 | Ossuary  | Noticed a wraith
  3191 | Ossuary  | HP: 2/53 [wraith (3)]
  3192 | Ossuary  | Mangled by a wraith

Illustrated notes

Levels and vault maps discovered:
D:1:      dpeg_arrival_arbitrary_c, layout_basic, minmay_tetromino_i4
D:2:      layout_basic, grunt_ministairs_13
D:3:      layout_basic, grunt_temple_overflow_open, serial_shops,
          nicolae_shop_temple_entry_statues_fountains,
          nicolae_shop_bloodbath_and_beyond, nicolae_shop_stone
D:4:      layout_basic, enter_ossuary_2, minmay_goblin_kobold_house
Ossuary:  ossuary_due_cavern

Skill      XL: |  1  2  3  4  5  6 |
---------------+-------------------+-----
Axes           | 3 4 5 6 |  6.5
Fighting       | 4 |  4.6
Armour         | 4 |  4.8
Shields        | 4 |  4.2
Invocations    | 1 |  1.6
Dodging        | |  0.2
Stealth        | |  0.1

Action                   |  1- 3 |  4- 6 || total
-------------------------+-------+-------++-------
Melee: War axe           |    94 |   185 ||   279
Invok: Convert to Beogh  |       |     1 ||     1
  Use: Scroll            |     2 |     3 ||     5
Armor: Scale mail        |    52 |    90 ||   142
Dodge: Dodged            |    60 |    90 ||   150
Block: Buckler           |    19 |    40 ||    59

Table legend: (Time is in decaauts)
 A = Elapsed time spent in this place.
 B = Non-inter-level travel time spent in this place.
 C = Inter-level travel time spent in this place.
 D = Time resting spent in this place.
 E = Time spent auto-exploring this place.
 F = Levels seen in this place.
 G = Mean time per level.
                   A        B        C        D        E       F      G
               +--------+--------+--------+--------+--------+-----+--------+
         Total |   3305 |   3207 |     98 |      0 |   1987 |   5 |  661.0 |
       Dungeon |   2912 |   2814 |     98 |      0 |   1708 |   4 |  728.0 |
       Ossuary |    393 |    393 |      0 |      0 |    279 |   1 |  393.0 |
               +--------+--------+--------+--------+--------+-----+--------+

Top non-repeatable levels by time:
     D:3: 1024 daAuts
     D:1: 785 daAuts
     D:2: 711 daAuts
 Ossuary: 393 daAuts
     D:4: 390 daAuts
